 Dungeon Crawl Stone Soup version 0.32-a0-814-g0968bab981 (webtiles) character file.

Game seed: 15570307884288353585

98 gamerwithaplan the Chopper (level 4, -2/41 HPs)
             Began as a Minotaur Berserker on Mar 23, 2024.
             Was a Follower of Trog.
             Succumbed to a scorpion's poison
             ... on level 2 of the Dungeon.
             The game lasted 00:04:50 (1132 turns).

gamerwithaplan the Chopper (Minotaur Berserker)     Turns: 1132, Time: 00:04:50

Health: -2/41      AC:  2    Str: 23    XL:     4   Next: 44%
Magic:  3/3        EV: 11    Int:  4    God:    Trog [*.....]
Gold:   74         SH:  0    Dex: 10    Spells: 3/3 levels left

rFire   . . .        a - +0 hand axe
rCold   . . .        (no shield)
rNeg    . . .        b - +0 animal skin
rPois   .            (helmet restricted)
rElec   .            (no cloak)
rCorr   .            (no gloves)
SInv    .            (no boots)
Will    .....        (no amulet)
Stlth   +            (no ring)
HPRegen 0.26/turn    (no ring)
MPRegen 0.08/turn

%: no passive effects
@: lethally poisoned (-2 -> -12)
A: horns 2, retaliatory headbutt
a: Renounce Religion, Berserk


You were on level 2 of the Dungeon.
You worshipped Trog.
Trog was aware of your devotion.
You visited 1 branch of the dungeon, and saw 2 of its levels.

You collected 74 gold pieces.

Inventory:

Hand Weapons
 a - a +0 hand axe (weapon)
 n - a +0 sling
Armour
 b - a +0 animal skin (worn)
 l - a +0 helmet
Magical Staves
 m - a staff of alchemy
Jewellery
 j - a +5 ring of evasion
 p - an amulet of the acrobat
Scrolls
 f - 2 scrolls of teleportation {unknown}
 i - a scroll of identify {unknown}
Potions
 c - a potion of mutation {unknown}
 d - 2 potions of ambrosia {unknown}
 e - 2 potions of degeneration {unknown}
 g - a potion of enlightenment {unknown}
 h - a potion of haste {unknown}
 k - a potion of curing {unknown}
 o - 2 potions of heal wounds {unknown}


   Skills:
 + Level 4.4 Fighting
 + Level 4.4 Axes
 + Level 3.5 Armour
 + Level 3.2 Dodging


You had 3 spell levels left.
You didn't know any spells.
Your spell library was empty.

Dungeon Overview and Level Annotations

Branches:
Dungeon (2/15)

Altars:


Innate Abilities, Weirdness & Mutations

You have a pair of horns on your head.
You reflexively headbutt those who attack you in melee.


Message History

A scorpion comes into view.
A scorpion is nearby!
A scorpion is nearby!
There is an open door here.
The scorpion stings you.
You closely miss the scorpion.
The scorpion stings you but does no damage.
You hit the scorpion. You headbutt the scorpion!
The scorpion is almost dead.
The scorpion stings you.
You are poisoned.
The scorpion poisons you!
You barely miss the scorpion.
The scorpion is almost dead.
You feel very sick. The scorpion stings you.
You are lethally poisoned!
The scorpion poisons you!
You hit the scorpion but do no damage. Your headbutt misses the scorpion.
The scorpion is almost dead.
You feel very sick. The scorpion stings you.
* * * LOW HITPOINT WARNING * * *
The scorpion closely misses you.
You closely miss the scorpion.
The scorpion is almost dead.
* * * LOW HITPOINT WARNING * * *
You feel very sick. The scorpion completely misses you.
You closely miss the scorpion. You headbutt the scorpion.
You kill the scorpion!
Trog accepts your kill.
* * * LOW HITPOINT WARNING * * *
You feel very sick.
Your Dodging skill increases to level 3!
You have reached level 4!
You feel agile.
There is a lethal amount of poison in your body!
There is a lethal amount of poison in your body!
You die...

##...## ##.....##
##.......##
#.........#
+.........+
#.........#
#.......# #..@..#
##...## ##'## .#
###.########.##
#ß..♣..ß..∩...#
#.............#
#.............#
#♣........ß...#
.#.............##.#


There were no monsters in sight!

Vanquished Creatures
  A scorpion (D:2)
  An adder (D:2)
  2 dart slugs
  4 endoplasms
  A giant cockroach (D:1)
  2 goblins (D:1)
  4 jackals (D:1)
  A kobold (D:1)
  A quokka (D:2)
  A ball python (D:1)
  2 bats
  3 frilled lizards (D:1)
  5 rats
28 creatures vanquished.

Notes
Turn   | Place    | Note
-------+----------+-------------------------------------------
     0 | D:1      | gamerwithaplan the Minotaur Berserker began the quest for
                  | the Orb.
     0 | D:1      | Reached XP level 1. HP: 19/19 MP: 0/0
   251 | D:1      | Reached XP level 2. HP: 27/27 MP: 1/1
  1056 | D:2      | Found a faded altar of an unknown god.
  1066 | D:2      | Reached XP level 3. HP: 30/33 MP: 2/2
  1123 | D:2      | Noticed a scorpion
  1131 | D:2      | Killed a scorpion
  1131 | D:2      | HP: 1/33 [poisoned by a scorpion]
  1132 | D:2      | Reached XP level 4. HP: 1/41 MP: 3/3
  1132 | D:2      | Succumbed to a scorpion's poison

Illustrated notes

Levels and vault maps discovered:
D:1:      reono_arrival_forest_river, layout_loops_ring, kennysheep_flooded_box,
          minmay_tromino_v4_c
D:2:      layout_loops_corners, hellmonk_ecumenical_altar_arch_garden

Skill      XL: |  1  2  3 |
---------------+----------+-----
Fighting       | 4 |  4.4
Axes           | 4 |  4.4
Armour         | 3 |  3.5
Dodging        | 3 |  3.2

Action                     |  1- 3 |  4- 6 || total
---------------------------+-------+-------++-------
  Melee: Hand axe          |    56 |       ||    56
         Headbutt          |    11 |       ||    11
   Stab: Sleeping          |     1 |       ||     1
 Armour: Animal skin       |    31 |       ||    31
  Dodge: Dodged            |    34 |       ||    34

Table legend: (Time is in decaauts)
 A = Elapsed time spent in this place.
 B = Non-inter-level travel time spent in this place.
 C = Inter-level travel time spent in this place.
 D = Time resting spent in this place.
 E = Time spent auto-exploring this place.
 F = Levels seen in this place.
 G = Mean time per level.
                   A        B        C        D        E       F      G
               +--------+--------+--------+--------+--------+-----+--------+
         Total |   1143 |   1121 |     22 |      0 |    646 |   2 |  571.5 |
       Dungeon |   1143 |   1121 |     22 |      0 |    646 |   2 |  571.5 |
               +--------+--------+--------+--------+--------+-----+--------+

Top non-repeatable levels by time:
     D:1: 964 daAuts
     D:2: 178 daAuts
